 Dungeon Crawl Stone Soup version 0.19-a0-1341-g3513869 (webtiles) character file.

17840 mopl the Grappler (level 12, -7/163 HPs)
             Began as a Troll Wizard on Aug 31, 2016.
             Was an Elder of Cheibriados (penitent).
             Killed from afar by a frost giant (10 damage)
             ... with a bolt of cold
             ... in an ice cave on Sept 1, 2016.
             The game lasted 00:33:15 (4591 turns).

mopl the Grappler (Troll Wizard)                    Turns: 4591, Time: 00:33:16

Health: -7/163     AC:  8    Str: 23    XL:     12   Next: 22%
Magic:  8/18       EV: 10    Int: 14    God:    Cheibriados [*]
Gold:   581        SH:  0    Dex: 12    Spells: 8 memorised, 1 level left

rFire  . . .     SeeInvis .       - Unarmed
rCold  + . .     Gourm    +     F - +2 robe {MR+}
rNeg   . . .     Faith    .     (no shield)
rPois  +         Spirit   .     x - +0 hat
rElec  .         Dismiss  .     G - +0 cloak
rCorr  .         Reflect  .     (gloves unavailable)
MR     +....     Harm     .     (boots unavailable)
Stlth  ..........               (no amulet)
                                A - ring of protection from cold
                                n - ring of poison resistance

@: berserking (expiring), repel missiles, very slow
A: unfitting armour, claws 3, fast metabolism 3, gourmand, regeneration 1,
shaggy fur 1, tough skin 2
a: Renounce Religion


You were in an ice cave.
You worshipped Cheibriados.
Cheibriados was demanding penance.
You were very full.

You visited 3 branches of the dungeon, and saw 13 of its levels.
You also visited: Ice Cave.

You collected 581 gold pieces.

Inventory:

Hand Weapons
 b - a +0 blowgun
 E - a +1 battleaxe of chopping
Missiles
 w - 40 poisoned needles
 B - 12 tomahawks
 P - 4 large rocks (quivered)
 Q - 2 needles of sleeping
Armour
 x - a +0 hat (worn)
 F - a +2 robe of magic resistance (worn)
 G - a +0 cloak (worn)
 V - a troll hide
Magical Staves
 S - an uncursed staff of air
Jewellery
 e - an uncursed ring of protection from cold
 g - an uncursed ring of protection from fire
 j - a +4 ring of protection {=R}
 n - a ring of poison resistance (left claw)
 r - a +3 ring of intelligence
 u - an uncursed ring of resist corrosion
 A - a ring of protection from cold (right claw)
Wands
 y - a wand of lightning (7/15)
 z - a wand of disintegration (7/24)
 D - a wand of digging (17/24)
 J - a wand of slowing (6/48)
 M - a wand of acid (8/15)
 N - a wand of paralysis (15/24)
 O - a wand of enslavement (11/24)
 W - a wand of enslavement (16/24)
Scrolls
 a - a scroll of magic mapping {unknown}
 h - a scroll of immolation {unknown}
 i - a scroll of fog
 k - a scroll of blinking {unknown}
 o - a scroll of enchant weapon {unknown}
 q - a scroll of teleportation
 s - 4 scrolls of remove curse
 v - a scroll of recharging
 I - 2 scrolls of enchant armour {unknown}
 X - 2 scrolls of noise {unknown}
Potions
 l - a potion of might
 m - 4 potions of curing
 p - a potion of agility {unknown}
 t - a potion of flight
 C - 2 potions of cancellation
 K - a potion of resistance
 L - a potion of berserk rage {!q}
 R - a potion of heal wounds
 T - a potion of mutation {unknown}
 U - a potion of haste {unknown}
Books
 f - a book of Debilitation

   Spells                             Type                      Level
   a - Corona                         Hexes                        1
   b - Slow                           Hexes                        2
   c - Gell's Gravitas                Hexes/Translocation          3
   d - Inner Flame                    Hexes/Fire                   3
   e - Cause Fear                     Hexes                        4
   f - Leda's Liquefaction            Hexes/Earth                  4
 H - Wuqeol's Advanced Theurgy
   (You found it in an ice cave)

   Spells                             Type                      Level
   a - Bolt of Cold                   Conjuration/Ice              6
   b - Iron Shot                      Conjuration/Earth            6
   c - Invisibility                   Hexes                        6
   d - Simulacrum                     Ice/Necromancy               6
   e - Death Channel                  Necromancy                   6
   f - Statue Form                    Transmutation/Earth          6
Comestibles
 c - 13 chunks of flesh
 d - 10 bread rations


   Skills:
 + Level 4.4 Fighting
 + Level 3.5 Throwing
 + Level 2.6 Dodging
 - Level 1.1 Stealth
 * Level 12.2 Unarmed Combat
 - Level 2.0 Spellcasting
 + Level 1.5 Conjurations
 - Level 5.0 Hexes
   Level 0.6 Summonings
 - Level 4.0 Translocations
 + Level 1.1 Air Magic
 + Level 1.0 Poison Magic
 + Level 10.1 Invocations


You had one spell level left.
You knew the following spells:

 Your Spells              Type           Power        Failure   Level  Hunger
a - Apportation           Tloc           ##........   4%          1    ##.....
b - Magic Dart            Conj           #...         14%         1    ##.....
c - Confusing Touch       Hex            ###...       2%          1    ##.....
d - Mephitic Cloud        Conj/Pois/Air  #.......     47%         3    ####...
e - Blink                 Tloc           N/A          10%         2    ###....
f - Conjure Flame         Conj/Fire      #.......     61%         3    ####...
i - Repel Missiles        Chrm/Air       #.....       30%         2    ###....
x - Animate Skeleton      Necr           N/A          24%         1    ##.....


Dungeon Overview and Level Annotations

Branches:
Dungeon (11/15)            Temple (1/1) D:5            Lair (1/6) D:11
    Orc (0/2) D:9

Altars:
Cheibriados
Trog
Zin


Innate Abilities, Weirdness & Mutations

You are too large for most types of armour.
You have claws for hands.
Your metabolism is lightning-fast.
You like to eat raw meat.
Your natural rate of healing is unusually fast.
You are covered in fur. (AC +1)
You have very tough skin. (AC +2)


Message History

Your claws stop glowing.
You scratch the frost giant but do no damage.
The frost giant is lightly wounded.
The frost giant seems less confused.
The frost giant hits you with a battleaxe of freezing!!
* * * LOW HITPOINT WARNING * * *
The frost giant freezes you.
* * * LOW HITPOINT WARNING * * *
The frost giant hits you with a battleaxe of freezing!
* * * LOW HITPOINT WARNING * * *
The frost giant freezes you.
* * * LOW HITPOINT WARNING * * *
You claw the frost giant! You claw the frost giant!!
The frost giant is moderately wounded.
Unknown command.
You barely miss the frost giant.
The frost giant is moderately wounded.
The frost giant gestures at you while chanting.
The bolt of cold hits you! You resist.
You die...

## ##.# ###
#...#### ##.##
"$#....#C#
##.#.#
#...C..#@##
##.#.##
#..#÷## #.####
##.##.# #..#
#####.##
##..##
##..#.##
##....#
#...#.÷#
#.....##
##.##.÷.#
##..#...#
#..###⌠.#
#..###..##
#.###..####.##
##..#


You could see a frost giant.

Vanquished Creatures
  2 death yaks (IceCv)
  A hill giant (D:11)
  A centaur zombie (D:11)
  A cyclops (D:10)
  An ice statue (IceCv)
  2 gargoyles
  A rime drake (IceCv)
  2 ice devils (Lair:1)
  2 komodo dragons
  A troll (D:11)
  14 polar bears (IceCv)
  A shadow (D:11)
  19 yaks (IceCv)
  A wyvern (D:9)
  4 hippogriffs
  2 water moccasins (Lair:1)
  A porcupine (Lair:1)
  A black bear (Lair:1)
  A wasp (D:11)
  2 phantoms (D:5)
  2 centaurs
  15 wolves (IceCv)
  2 ogres
  A crocodile (Lair:1)
  Blork the orc (D:6)
  5 giant frogs
  A wyvern skeleton (D:9)
  2 killer bees (D:7)
  2 crimson imps
  2 hounds
  A jelly (D:10)
  3 orc priests
  10 orc wizards
  2 centaur skeletons
  An iguana (D:11)
  Natasha (D:3)
  4 worker ants
  A hound zombie (D:5)
  10 adders
  2 shadow imps
  2 oozes
  An adder skeleton (D:5)
  3 worms
  4 dart slugs
  5 giant geckos
  27 orcs
  3 giant cockroaches
  4 goblins
  6 hobgoblins
  9 kobolds
  5 quokkas
  A ball python (D:5)
  5 bats
  2 giant newts
  3 rats
  A plant (D:11)
209 creatures vanquished.

Vanquished Creatures (collateral kills)
  A hound skeleton (D:11)
1 creature vanquished.

Vanquished Creatures (others)
  A plant (D:11)
1 creature vanquished.

Grand Total: 211 creatures vanquished

Notes
Turn   | Place    | Note
-------+----------+-------------------------------------------
     0 | D:1      | mopl the Troll Wizard began the quest for the Orb.
     0 | D:1      | Reached XP level 1. HP: 16/16 MP: 2/2
    53 | D:1      | Reached skill level 1 in Unarmed Combat
   123 | D:2      | Reached XP level 2. HP: 22/24 MP: 4/4
   189 | D:2      | Reached skill level 2 in Unarmed Combat
   311 | D:2      | Reached XP level 3. HP: 31/31 MP: 5/5
   378 | D:2      | Reached skill level 3 in Unarmed Combat
   421 | D:2      | Found a bloodstained altar of Trog.
   509 | D:2      | Learned a level 2 spell: Blink
   512 | D:2      | Learned a level 2 spell: Repel Missiles
   573 | D:4      | Noticed an ogre
   616 | D:3      | Reached XP level 4. HP: 33/39 MP: 6/6
   657 | D:4      | Reached skill level 4 in Unarmed Combat
   792 | D:3      | Noticed Natasha
   815 | D:3      | Killed Natasha
   899 | D:3      | Reached XP level 5. HP: 45/45 MP: 7/7
  1029 | D:4      | Reached skill level 5 in Unarmed Combat
  1065 | D:5      | Entered Level 5 of the Dungeon
  1161 | D:6      | Noticed Blork the orc
  1184 | D:6      | Killed Blork the orc
  1184 | D:6      | Reached skill level 6 in Unarmed Combat
  1184 | D:6      | Reached XP level 6. HP: 40/53 MP: 8/8
  1190 | D:6      | Learned a level 1 spell: Apportation
  1192 | D:6      | Learned a level 1 spell: Animate Skeleton
  1194 | D:6      | Learned a level 1 spell: Confusing Touch
  1301 | D:5      | Found a staircase to the Ecumenical Temple.
  1316 | D:5      | Reached skill level 1 in Hexes
  1342 | Temple   | Entered the Ecumenical Temple
  1358 | Temple   | Became a worshipper of Cheibriados the Contemplative
  1413 | D:5      | Reached skill level 7 in Unarmed Combat
  1413 | D:5      | Reached XP level 7. HP: 58/59 MP: 9/9
  1658 | D:5      | Reached * piety under Cheibriados
  1660 | D:5      | Reached skill level 2 in Hexes
  1672 | D:5      | Reached skill level 8 in Unarmed Combat
  1745 | D:6      | Reached XP level 8. HP: 53/67 MP: 10/10
  2141 | D:9      | Reached skill level 9 in Unarmed Combat
  2158 | D:10     | Entered Level 10 of the Dungeon
  2182 | D:10     | Reached skill level 3 in Hexes
  2244 | D:11     | Reached ** piety under Cheibriados
  2244 | D:11     | Reached skill level 10 in Unarmed Combat
  2348 | D:10     | Reached skill level 1 in Fighting
  2348 | D:10     | Reached skill level 1 in Translocations
  2348 | D:10     | Reached XP level 9. HP: 76/76 MP: 11/11
  2447 | D:10     | Noticed a gargoyle
  2447 | D:10     | Noticed a cyclops
  2460 | D:10     | Killed a cyclops
  2460 | D:10     | Reached skill level 4 in Hexes
  2475 | D:10     | Reached skill level 2 in Fighting
  2501 | D:10     | Killed a gargoyle
  2501 | D:10     | Reached skill level 2 in Translocations
  2582 | D:10     | Noticed a hill giant
  2639 | D:9      | Reached skill level 11 in Unarmed Combat
  2745 | D:9      | Found a staircase to the Orcish Mines.
  2785 | D:9      | Reached *** piety under Cheibriados
  2912 | D:9      | Found a glowing silver altar of Zin.
  3027 | D:11     | Noticed a troll
  3027 | D:11     | Noticed a gargoyle
  3067 | D:11     | Killed a gargoyle
  3067 | D:11     | Reached skill level 3 in Fighting
  3072 | D:11     | Killed a troll
  3072 | D:11     | Reached skill level 1 in Invocations
  3072 | D:11     | Reached XP level 10. HP: 29/91 MP: 12/12
  3116 | D:11     | Reached skill level 9 in Invocations
  3116 | D:11     | Reached XP level 11. HP: 76/97 MP: 12/17
  3150 | D:11     | Noticed a hill giant
  3161 | D:11     | Killed a hill giant
  3208 | D:11     | Learned a level 3 spell: Mephitic Cloud
  3217 | D:11     | Learned a level 3 spell: Conjure Flame
  3273 | D:11     | Found a staircase to the Lair.
  3294 | D:11     | Reached skill level 1 in Throwing
  3331 | Lair:1   | Entered Level 1 of the Lair of Beasts
  3346 | Lair:1   | Reached skill level 3 in Translocations
  3349 | Lair:1   | HP: 3/97 [electric eel/bolt of electricity (7)]
  3609 | Lair:1   | Found a frozen archway.
  3663 | IceCv    | Entered an ice cave
  3736 | IceCv    | Reached skill level 2 in Throwing
  3837 | IceCv    | Reached **** piety under Cheibriados
  3850 | IceCv    | Reached skill level 5 in Hexes
  3957 | IceCv    | Reached skill level 4 in Fighting
  4061 | IceCv    | Reached skill level 10 in Invocations
  4067 | IceCv    | Reached skill level 3 in Throwing
  4090 | IceCv    | Identified Wuqeol's Advanced Theurgy
  4145 | IceCv    | Reached skill level 2 in Dodging
  4164 | IceCv    | Reached skill level 12 in Unarmed Combat
  4212 | IceCv    | Reached skill level 4 in Translocations
  4216 | IceCv    | Noticed a death yak
  4278 | IceCv    | Upgraded the game from 0.19-a0-1320-g0178847 to 0.19-a0-1341-g3513869
  4281 | IceCv    | Reached XP level 12. HP: 40/107 MP: 4/18
  4389 | IceCv    | Killed a death yak
  4389 | IceCv    | Reached skill level 1 in Conjurations
  4389 | IceCv    | Reached skill level 1 in Air Magic
  4434 | IceCv    | Noticed a death yak
  4434 | IceCv    | Noticed a frost giant
  4561 | IceCv    | Killed a death yak
  4561 | IceCv    | Reached skill level 1 in Poison Magic
  4583 | IceCv    | Was placed under penance by Cheibriados
  4589 | IceCv    | HP: 4/163 [frost giant/battleaxe of freezing (16)]
  4591 | IceCv    | Killed from afar by a frost giant

Vault maps used:
D:1:      dpeg_arrival_rooms_a, minmay_tromino_i4
D:2:      lightli_temple_of_fire
D:3:      minmay_overflow_temple_star_quad, uniq_natasha
D:4:      overflow_temple_1_default, first_bread
D:6:      kennysheep_okawaru_gauntlet, nicolae_ru_path_of_blood,
          uniq_blork_the_orc
D:7:      lemuel_doored_altar
D:9:      lemuel_crystal_altar, orc_0_dummy
D:11:     david_lair_shrubbed
Temple:   nicolae_temple_figure_eight
Lair:1:   portal_ice_cave_demonic_guard, grunt_megastairs_5,
          infiniplex_staircase_pool, serial_bayou_shore_b
IceCv:    ice_cave_caverns_01

Skill      XL: |  1  2  3  4  5  6  7  8  9 10 11 12 |
---------------+-------------------------------------+-----
Unarmed Combat | 1 2 3 4 6 7 8 10 11 12 | 12.2
Hexes          | 1 2 3 4 5 |  5.0
Fighting       | 1 3 4 |  4.4
Translocations | 1 2 4 |  4.0
Invocations    | 1 9 10 | 10.1
Throwing       | 3 |  3.5
Dodging        | 2 |  2.6
Conjurations   | 1 |  1.5
Air Magic      | 1 |  1.1
Poison Magic   | 1 |  1.0
Stealth        | |  1.1
Spellcasting   | |  2.0
Summonings     | |  0.6

Action                   |  1- 3 |  4- 6 |  7- 9 | 10-12 || total
-------------------------+-------+-------+-------+-------++-------
Melee: Unarmed           |   106 |   140 |   241 |   252 ||   739
       Punch             |       |       |    11 |    25 ||    36
 Fire: Blowgun           |       |     8 |       |     1 ||     9
Throw: Tomahawk          |       |       |     6 |       ||     6
       Large rock        |       |       |     2 |     4 ||     6
 Cast: Confusing Touch   |       |       |     5 |     4 ||     9
       Repel Missiles    |       |       |     1 |       ||     1
       Mephitic Cloud    |       |       |       |    24 ||    24
       Blink             |       |       |       |     3 ||     3
Invok: Slouch            |       |       |       |     1 ||     1
Evoke: Wand              |       |       |     5 |     1 ||     6
  Use: Scroll            |       |       |    13 |     1 ||    14
       Potion            |       |       |       |     4 ||     4
 Stab: Sleeping          |       |     2 |     1 |     3 ||     6
       Confused          |       |       |       |    12 ||    12
       Distracted        |       |       |       |     1 ||     1
  Eat: Chunk             |    10 |     8 |    11 |    13 ||    42
Armor: Robe              |    56 |    43 |   131 |   106 ||   336
       Skin              |       |       |       |     1 ||     1
Dodge: Dodged            |    63 |    71 |   139 |   133 ||   406
       Deflected         |       |       |     1 |     1 ||     2
